TOP OF THE 1ST |
Nantucket Orcas batting - Pitching for Savannah Hogs : RHP Mike Meeks
|
Pitching: RHP Mike Meeks
|
|
Batting: RHB Jorge Hernández
|
0-0: Swinging Strike 0-1: Called Strike 0-2: Foul Ball, location: 2F 0-2: Ball 1-2: Ball 2-2: Ball 3-2: Strikes out looking
|
Batting: RHB Ramón Díaz
|
0-0: Foul Ball, location: 2F 0-1: Ball 1-1: Foul Ball, location: 2F 1-2: Ball 2-2: Ball 3-2: Fly out, F9 (Flyball, 9S)
|
Batting: SHB Cory Campbell
|
0-0: Called Strike 0-1: Swinging Strike 0-2: Foul Ball, location: 2F 0-2: Strikes out looking
|
Top of the 1st over - 0 run(s), 0 hit(s), 0 error(s), 0 left on base; Nantucket 0 - Savannah 0 |
BOTTOM OF THE 1ST |
Savannah Hogs batting - Pitching for Nantucket Orcas : RHP Pedro Santiago
|
Pitching: RHP Pedro Santiago
|
|
Batting: RHB Juan Jose Mendoza
|
0-0: Foul Ball, location: 2F 0-1: Foul Ball, location: 2F 0-2: Strikes out swinging
|
Batting: LHB Jim Clemente
|
0-0: Ball 1-0: Ball 2-0: Called Strike 2-1: Foul Ball, location: 2F 2-2: Strikes out swinging
|
Batting: RHB Javier Martínez
|
0-0: Ball 1-0: Swinging Strike 1-1: SINGLE (Line Drive, 34)
|
Batting: LHB Manny Hernández
|
0-0: Called Strike 0-1: Ball 1-1: Called Strike 1-2: Ball 2-2: Ball 3-2: Foul Ball, location: 2F 3-2: Ground out 4-3 (Groundball, 4)
|
Bottom of the 1st over - 0 run(s), 1 hit(s), 0 error(s), 1 left on base; Nantucket 0 - Savannah 0 |
TOP OF THE 2ND |
Nantucket Orcas batting - Pitching for Savannah Hogs : RHP Mike Meeks
|
Batting: RHB Roberto Canó
|
0-0: Foul Ball, location: 2F 0-1: Ground out 6-3 (Groundball, 6)
|
Batting: LHB Noah Gillespie
|
0-0: Foul Ball, location: 2F 0-1: Ball 1-1: Ground out 6-3 (Groundball, 6)
|
Batting: RHB César Osequedo
|
0-0: Ball 1-0: Ball 2-0: Called Strike 2-1: Ball 3-1: Base on Balls
|
Batting: LHB Eugene Lee
|
0-0: Called Strike 0-1: Ball 1-1: Called Strike 1-2: Foul Ball, location: 2F 1-2: Ball 2-2: Ground out 6-3 (Groundball, 6M)
|
Top of the 2nd over - 0 run(s), 0 hit(s), 0 error(s), 1 left on base; Nantucket 0 - Savannah 0 |
BOTTOM OF THE 2ND |
Savannah Hogs batting - Pitching for Nantucket Orcas : RHP Pedro Santiago
|
Batting: LHB Marv Alexander
|
0-0: Ball 1-0: Called Strike 1-1: Foul Ball, location: 2F 1-2: Strikes out swinging
|
Batting: RHB Javier Músquez
|
0-0: Ball 1-0: Ball 2-0: Called Strike 2-1: Foul Ball, location: 2F 2-2: Fly out, F7 (Line Drive, 78M)
|
Batting: RHB Anastasio Movonda
|
0-0: Ball 1-0: Called Strike 1-1: Ball 2-1: Ball 3-1: SINGLE (Groundball, 13) (infield hit)
|
Batting: RHB Miguel Toro
|
0-0: Called Strike 0-1: Ball 1-1: Foul Ball, location: 2F 1-2: Fly out, F8 (Flyball, 8RS)
|
Bottom of the 2nd over - 0 run(s), 1 hit(s), 0 error(s), 1 left on base; Nantucket 0 - Savannah 0 |
TOP OF THE 3RD |
Nantucket Orcas batting - Pitching for Savannah Hogs : RHP Mike Meeks
|
Batting: RHB Domingo Hernández
|
0-0: Fly out, F8 (Flyball, 8RM)
|
Batting: RHB Anastasio Zartuche
|
0-0: Ball 1-0: Ball 2-0: Ball 3-0: Called Strike 3-1: Ground out 6-3 (Groundball, 6M)
|
Batting: RHB Jorge Hernández
|
0-0: Called Strike 0-1: Ground out 6-3 (Groundball, 6)
|
Top of the 3rd over - 0 run(s), 0 hit(s), 0 error(s), 0 left on base; Nantucket 0 - Savannah 0 |
BOTTOM OF THE 3RD |
Savannah Hogs batting - Pitching for Nantucket Orcas : RHP Pedro Santiago
|
Batting: RHB Ernesto Gómez
|
0-0: Ground out 4-3 (Groundball, 4M)
|
Batting: RHB Juan Jose Mendoza
|
0-0: Called Strike 0-1: Called Strike 0-2: Fly out, F8 (Flyball, 8LM)
|
Batting: LHB Jim Clemente
|
0-0: Ground out 5-3 (Groundball, 56)
|
Bottom of the 3rd over - 0 run(s), 0 hit(s), 0 error(s), 0 left on base; Nantucket 0 - Savannah 0 |
TOP OF THE 4TH |
Nantucket Orcas batting - Pitching for Savannah Hogs : RHP Mike Meeks
|
Batting: RHB Ramón Díaz
|
0-0: Ball 1-0: Called Strike 1-1: SINGLE (Groundball, 5D)
|
Batting: SHB Cory Campbell
|
0-0: Ball 1-0: Ball 2-0: Grounds into double play, 6-4-3 (Groundball, 6)
|
Batting: RHB Roberto Canó
|
0-0: Ball 1-0: Ball 2-0: Ground out 5-3 (Groundball, 56S)
|
Top of the 4th over - 0 run(s), 1 hit(s), 0 error(s), 0 left on base; Nantucket 0 - Savannah 0 |
BOTTOM OF THE 4TH |
Savannah Hogs batting - Pitching for Nantucket Orcas : RHP Pedro Santiago
|
Batting: RHB Javier Martínez
|
0-0: Ball 1-0: Called Strike 1-1: Ball 2-1: Foul Ball, location: 2F 2-2: Ball 3-2: Fly out, F7 (Flyball, 7M)
|
Batting: LHB Manny Hernández
|
0-0: Foul Ball, location: 2F 0-1: Ball 1-1: Ball 2-1: Ball 3-1: SINGLE (Flyball, 9M)
|
Batting: LHB Marv Alexander
|
0-0: Ball 1-0: Grounds into double play, U4-3 (Groundball, 4M)
|
Bottom of the 4th over - 0 run(s), 1 hit(s), 0 error(s), 0 left on base; Nantucket 0 - Savannah 0 |
TOP OF THE 5TH |
Nantucket Orcas batting - Pitching for Savannah Hogs : RHP Mike Meeks
|
Batting: LHB Noah Gillespie
|
0-0: Fly out, F7 (Flyball, 7M)
|
Batting: RHB César Osequedo
|
0-0: Called Strike 0-1: Ball 1-1: Fly out, F3 (Popup, 3)
|
Batting: LHB Eugene Lee
|
0-0: Ball 1-0: Ball 2-0: DOUBLE (Line Drive, 9LD)
|
Batting: RHB Domingo Hernández
|
0-0: Ball 1-0: Ball 2-0: Called Strike 2-1: Foul Ball, location: 2F 2-2: Fly out, F7 (Flyball, 7LM)
|
Top of the 5th over - 0 run(s), 1 hit(s), 0 error(s), 1 left on base; Nantucket 0 - Savannah 0 |
BOTTOM OF THE 5TH |
Savannah Hogs batting - Pitching for Nantucket Orcas : RHP Pedro Santiago
|
Batting: RHB Javier Músquez
|
0-0: Called Strike 0-1: SINGLE (Line Drive, 34D)
|
Batting: RHB Anastasio Movonda
|
0-0: Called Strike 0-1: Swinging Strike 0-2: Ball 1-2: Ball 2-2: Strikes out swinging
|
Batting: RHB Miguel Toro
|
0-0: Ball 1-0: Grounds into double play, 1-4-3 (Groundball, 15)
|
Bottom of the 5th over - 0 run(s), 1 hit(s), 0 error(s), 0 left on base; Nantucket 0 - Savannah 0 |
TOP OF THE 6TH |
Nantucket Orcas batting - Pitching for Savannah Hogs : RHP Mike Meeks
|
Batting: RHB Anastasio Zartuche
|
0-0: Called Strike 0-1: Ball 1-1: Swinging Strike 1-2: Foul Ball, location: 2F 1-2: Strikes out swinging
|
Batting: RHB Jorge Hernández
|
0-0: Called Strike 0-1: Swinging Strike 0-2: Ball 1-2: Ball 2-2: Foul Ball, location: 2F 2-2: Foul Ball, location: 2F 2-2: Foul Ball, location: 2F 2-2: Ball 3-2: Strikes out swinging
|
Batting: RHB Ramón Díaz
|
0-0: Ball 1-0: SINGLE (Flyball, 8RS)
|
Batting: SHB Cory Campbell
|
0-0: Swinging Strike 0-1: Foul Ball, location: 2F 0-2: Ball 1-2: Ball 2-2: Ball 3-2: Ground out 6-3 (Groundball, 6M)
|
Top of the 6th over - 0 run(s), 1 hit(s), 0 error(s), 1 left on base; Nantucket 0 - Savannah 0 |
BOTTOM OF THE 6TH |
Savannah Hogs batting - Pitching for Nantucket Orcas : RHP Pedro Santiago
|
Batting: RHB Ernesto Gómez
|
0-0: Ball 1-0: Called Strike 1-1: Ball 2-1: Ground out 4-3 (Groundball, 4)
|
Batting: RHB Juan Jose Mendoza
|
0-0: Ground out 3-1 (Groundball, 34)
|
Batting: LHB Jim Clemente
|
0-0: Foul Ball, location: 2F 0-1: Ball 1-1: Ball 2-1: Swinging Strike 2-2: Ground out 4-3 (Groundball, 4M)
|
Bottom of the 6th over - 0 run(s), 0 hit(s), 0 error(s), 0 left on base; Nantucket 0 - Savannah 0 |
TOP OF THE 7TH |
Nantucket Orcas batting - Pitching for Savannah Hogs : RHP Mike Meeks
|
Batting: RHB Roberto Canó
|
0-0: Foul Ball, location: 2F 0-1: Ball 1-1: Foul Ball, location: 2F 1-2: DOUBLE (Flyball, 78M)
|
Pinch Hitting: SHB Eric Pimentel
|
0-0: Intentional Walk
|
Pitching: LHP Miguel Valentín
|
|
Batting: RHB César Osequedo
|
0-0: Called Strike 0-1: Ball 1-1: Called Strike 1-2: Ball 2-2: Ball 3-2: Strikes out swinging
|
Pinch Hitting: RHB Wilson Metherall
|
0-0: Foul Ball, location: 2F 0-1: Fly out, F8 (Flyball, 89M)
|
Batting: RHB Domingo Hernández
|
0-0: Ball 1-0: Ball 2-0: Foul Ball, location: 2F 2-1: Foul Ball, location: 2F 2-2: Ball 3-2: DOUBLE (Line Drive, 89M) Roberto Canó scores Eric Pimentel to third Eric Pimentel scores
|
Batting: RHB Anastasio Zartuche
|
0-0: Swinging Strike 0-1: Swinging Strike 0-2: Foul Ball, location: 2F 0-2: Strikes out swinging
|
Top of the 7th over - 2 run(s), 2 hit(s), 0 error(s), 1 left on base; Nantucket 2 - Savannah 0 |
BOTTOM OF THE 7TH |
Savannah Hogs batting - Pitching for Nantucket Orcas : RHP Pedro Santiago
|
Now at 2B: Wilson Metherall
|
|
Now in RF: Dan Dunn
|
|
Batting: RHB Javier Martínez
|
0-0: Called Strike 0-1: Called Strike 0-2: Ball 1-2: Fly out, F8 (Flyball, 8RM)
|
Batting: LHB Manny Hernández
|
0-0: Ball 1-0: Foul Ball, location: 2F 1-1: Ball 2-1: Ball 3-1: Base on Balls
|
Pitching: RHP Sean Flynn
|
|
Batting: LHB Marv Alexander
|
0-0: Ball 1-0: Fielders Choice at 2nd, 5-4 (Groundball, 5)
|
Pitching: RHP Mathew Wilcox
|
|
Batting: RHB Javier Músquez
|
0-0: Hit by Pitch Marv Alexander to second
|
Pinch Hitting: LHB Juan Delgado
|
0-0: Called Strike 0-1: Called Strike 0-2: Fielders Choice at 2nd, U4 (Groundball, 4M)
|
Bottom of the 7th over - 0 run(s), 0 hit(s), 0 error(s), 2 left on base; Nantucket 2 - Savannah 0 |
TOP OF THE 8TH |
Nantucket Orcas batting - Pitching for Savannah Hogs : LHP Miguel Valentín
|
Now at SS: Ignacio Rangel
|
|
Batting: RHB Jorge Hernández
|
0-0: Ball 1-0: Foul Ball, location: 2F 1-1: Called Strike 1-2: Foul Ball, location: 2F 1-2: Ball 2-2: Ball 3-2: Base on Balls
|
Batting: RHB Ramón Díaz
|
0-0: Called Strike 0-1: Foul Ball, location: 2F 0-2: Ball 1-2: Ball 2-2: 2-RUN HOME RUN (Flyball, 9D), Distance : 367 ft
|
Batting: SHB Cory Campbell
|
0-0: Ball 1-0: Ball 2-0: Called Strike 2-1: Foul Ball, location: 2F 2-2: Ground out 4-3 (Groundball, 4)
|
Batting: RHB Roberto Canó
|
0-0: Ball 1-0: Called Strike 1-1: Ball 2-1: Ball 3-1: Base on Balls
|
Batting: SHB Dan Dunn
|
0-0: Called Strike 0-1: Ball 1-1: Fielders Choice at 2nd, 6-4 (Groundball, 6M)
|
Batting: RHB César Osequedo
|
0-0: Called Strike 0-1: Foul Ball, location: 2F 0-2: Ball 1-2: Foul Ball, location: 2F Pickoff Throw to First - Out!
|
Top of the 8th over - 2 run(s), 1 hit(s), 0 error(s), 0 left on base; Nantucket 4 - Savannah 0 |
BOTTOM OF THE 8TH |
Savannah Hogs batting - Pitching for Nantucket Orcas : RHP Mathew Wilcox
|
Batting: RHB Miguel Toro
|
0-0: Fly out, F9 (Popup, 4D)
|
Batting: RHB Ernesto Gómez
|
0-0: Called Strike 0-1: Ball 1-1: Ball 2-1: Swinging Strike 2-2: Foul Ball, location: 2F 2-2: Strikes out swinging
|
Batting: RHB Juan Jose Mendoza
|
0-0: Swinging Strike 0-1: Ball 1-1: Called Strike 1-2: Ball 2-2: Strikes out swinging
|
Bottom of the 8th over - 0 run(s), 0 hit(s), 0 error(s), 0 left on base; Nantucket 4 - Savannah 0 |
TOP OF THE 9TH |
Nantucket Orcas batting - Pitching for Savannah Hogs : LHP Miguel Valentín
|
Pitching: RHP Shannon Wallace
|
|
Batting: RHB César Osequedo
|
0-0: Called Strike 0-1: Ground out 6-3 (Groundball, 6)
|
Batting: RHB Wilson Metherall
|
0-0: Fly out, F9 (Line Drive, 89D)
|
Batting: RHB Domingo Hernández
|
0-0: Ball 1-0: SINGLE (Flyball, 89S)
|
Batting: RHB Anastasio Zartuche
|
0-0: Called Strike 0-1: SINGLE (Groundball, 34D) Domingo Hernández to second Throwing error, E9 Domingo Hernández scores Anastasio Zartuche to second
|
Batting: RHB Jorge Hernández
|
0-0: Ball 1-0: Ball 2-0: Called Strike 2-1: Foul Ball, location: 2F 2-2: Strikes out swinging
|
Top of the 9th over - 1 run(s), 2 hit(s), 1 error(s), 1 left on base; Nantucket 5 - Savannah 0 |
BOTTOM OF THE 9TH |
Savannah Hogs batting - Pitching for Nantucket Orcas : RHP Mathew Wilcox
|
Batting: LHB Jim Clemente
|
0-0: Ball 1-0: Called Strike 1-1: Ball 2-1: Ball 3-1: Base on Balls
|
Batting: RHB Javier Martínez
|
0-0: Ball 1-0: SINGLE (Groundball, 56S) (infield hit) Jim Clemente to second
|
Batting: LHB Manny Hernández
|
0-0: Called Strike 0-1: Hit by Pitch Jim Clemente to third Javier Martínez to second
|
Pitching: RHP Bo Wagner
|
|
Batting: LHB Marv Alexander
|
0-0: Ball 1-0: Foul Ball, location: 2F 1-1: Ball 2-1: Ball 3-1: Called Strike 3-2: Foul Ball, location: 2F 3-2: GRAND SLAM HOME RUN (Flyball, 9LD), Distance : 363 ft
|
Pinch Hitting: LHB Ivan Costello
|
0-0: Foul Ball, location: 2F 0-1: Ball 1-1: Swinging Strike 1-2: Ball 2-2: Strikes out swinging
|
Pinch Hitting: RHB Júlio Peña
|
0-0: Ball 1-0: Ball 2-0: Ball 3-0: Called Strike 3-1: Base on Balls
|
Pinch Runner at 1st Guillermo González:
|
|
Pinch Hitting: RHB Sergio Moreno
|
0-0: Ball 1-0: Ball 2-0: Foul Ball, location: 2F 2-1: DOUBLE (Flyball, 7LD) Guillermo González to third Runner from 3rd tries for Home, SAFE, no throw or cutoff
|
Batting: RHB Ernesto Gómez
|
0-0: Foul Ball, location: 2F 0-1: Fly out, F4 (Popup, 4D)
|
Pinch Hitting: SHB Júlio Macías
|
0-0: Ball 1-0: Called Strike 1-1: Called Strike 1-2: Ball 2-2: Strikes out swinging
|
Bottom of the 9th over - 5 run(s), 3 hit(s), 0 error(s), 1 left on base; Nantucket 5 - Savannah 5 |
TOP OF THE 10TH |
Nantucket Orcas batting - Pitching for Savannah Hogs : RHP Shannon Wallace
|
Pitching: RHP Jorge Durán
|
|
Now at C: Sergio Moreno
|
|
Now at 2B: Remi Eruzione
|
|
Now at SS: Ivan Costello
|
|
Now in LF: Guillermo González
|
|
Batting: RHB Ramón Díaz
|
0-0: Foul Ball, location: 2F 0-1: Called Strike 0-2: Foul Ball, location: 2F 0-2: Ball 1-2: Strikes out looking
|
Batting: SHB Cory Campbell
|
0-0: Ball 1-0: Ball 2-0: Foul Ball, location: 2F 2-1: Foul Ball, location: 2F 2-2: Ball 3-2: Base on Balls
|
Batting: RHB Roberto Canó
|
0-0: Called Strike 0-1: Ball 1-1: Called Strike 1-2: Ball 2-2: Ball 3-2: Fly out, F6 (Line Drive, 6) 3-2: Fly out, F6 (Line Drive, 6)
|
Batting: SHB Dan Dunn
|
0-0: Ball 1-0: Ball 2-0: Ball 3-0: Base on Balls Cory Campbell to second
|
Batting: RHB César Osequedo
|
0-0: Ground out 5-3 (Groundball, 56)
|
Top of the 10th over - 0 run(s), 0 hit(s), 0 error(s), 2 left on base; Nantucket 5 - Savannah 5 |
BOTTOM OF THE 10TH |
Savannah Hogs batting - Pitching for Nantucket Orcas : RHP Bo Wagner
|
Pinch Hitting: RHB José Fajardo
|
0-0: Ball 1-0: Ball 2-0: Ball 3-0: Called Strike 3-1: Called Strike 3-2: SINGLE (Groundball, 4M)
|
Batting: RHB Javier Martínez
|
0-0: Called Strike 0-1: Called Strike 0-2: SINGLE (Groundball, 5S) José Fajardo to second
|
Batting: LHB Manny Hernández
|
0-0: Foul Ball, location: 2F 0-1: Ball 1-1: Ball 2-1: Foul Ball, location: 2F 2-2: Strikes out swinging
|
Batting: LHB Marv Alexander
|
0-0: Ball 1-0: Foul Ball, location: 2F 1-1: Foul Ball, location: 2F 1-2: Foul Ball, location: 2F 1-2: Foul Ball, location: 2F 1-2: Foul Ball, location: 2F 1-2: Ball 2-2: Strikes out swinging
|
Batting: LHB Ivan Costello
|
0-0: Called Strike 0-1: Foul Ball, location: 2F 0-2: Foul Ball, location: 2F 0-2: Ball 1-2: Foul Ball, location: 2F 1-2: Foul Ball, location: 2F 1-2: Ball 2-2: Ball 3-2: Strikes out swinging
|
Bottom of the 10th over - 0 run(s), 2 hit(s), 0 error(s), 2 left on base; Nantucket 5 - Savannah 5 |
TOP OF THE 11TH |
Nantucket Orcas batting - Pitching for Savannah Hogs : RHP Jorge Durán
|
Now in RF: Ramón Morales
|
|
Batting: RHB Wilson Metherall
|
0-0: SINGLE (Groundball, 5L)
|
Batting: RHB Domingo Hernández
|
0-0: Called Strike 0-1: 2-RUN HOME RUN (Flyball, 7LD), Distance : 354 ft
|
Batting: RHB Anastasio Zartuche
|
0-0: Fly out, F8 (Flyball, 8LM)
|
Batting: RHB Jorge Hernández
|
0-0: Ball 1-0: Called Strike 1-1: Ball 2-1: Ball 3-1: Base on Balls
|
Batting: RHB Ramón Díaz
|
0-0: Ball 1-0: Foul Ball, location: 2F 1-1: Ball 2-1: Foul Ball, location: 2F 2-2: Ball 3-2: Foul Ball, location: 2F 3-2: Reached on error, E5 (Groundball, 56) Jorge Hernández to second
|
Batting: SHB Cory Campbell
|
0-0: Called Strike 0-1: Ball 1-1: Ball 2-1: Ball 3-1: Foul Ball, location: 2F 3-2: Base on Balls Jorge Hernández to third Ramón Díaz to second
|
Pitching: RHP Álex Solano
|
|
Batting: RHB Roberto Canó
|
0-0: Ball 1-0: Fly out, F8 (Popup, 8RS) Runner from 3rd tags up, SCORES, throw made
|
Batting: SHB Dan Dunn
|
0-0: Ball 1-0: Called Strike 1-1: Called Strike 1-2: Foul Ball, location: 2F 1-2: Strikes out swinging
|
Top of the 11th over - 3 run(s), 2 hit(s), 1 error(s), 2 left on base; Nantucket 8 - Savannah 5 |
BOTTOM OF THE 11TH |
Savannah Hogs batting - Pitching for Nantucket Orcas : RHP Bo Wagner
|
Batting: RHB Guillermo González
|
0-0: Foul Ball, location: 2F 0-1: SINGLE (Line Drive, 56)
|
Batting: RHB Sergio Moreno
|
0-0: Foul Ball, location: 2F 0-1: Ball 1-1: Ball 2-1: Ground out 5-3 (Groundball, 5S) Guillermo González to second
|
Batting: RHB Ernesto Gómez
|
0-0: Fly out, F9 (Flyball, 89M)
|
Batting: RHB Remi Eruzione
|
0-0: Ball 1-0: Called Strike 1-1: Foul Ball, location: 2F 1-2: Ball 2-2: SINGLE (Groundball, 56D) Guillermo González to third Runner from 3rd tries for Home, SAFE, no throw or cutoff
|
Pitching: RHP Juan Moreno
|
|
Batting: LHB Ramón Morales
|
0-0: Ball 1-0: Swinging Strike 1-1: Ball 2-1: Fly out, F7 (Flyball, 7M)
|
Bottom of the 11th over - 1 run(s), 2 hit(s), 0 error(s), 1 left on base; Nantucket 8 - Savannah 6 |
|